 Dungeon Crawl Stone Soup version 0.32-a0-22-g6ae6769602 (webtiles) character file.

Game seed: 12643331641353127600

399 Lobster4 the Chiller (level 6, 0/47 HPs)
             Began as a Merfolk Ice Elementalist on Jan 18, 2024.
             Slain by a gnoll bouda
             ... wielding a +0 club
              (9 damage)
             ... on level 4 of the Dungeon.
             The game lasted 00:10:18 (3125 turns).

Lobster4 the Chiller (Merfolk Ice Elementalist)     Turns: 3125, Time: 00:10:19

Health: 0/47       AC:  4    Str:  9    XL:     6   Next: 84%
Magic:  8/10       EV: 13    Int: 20    God:
Gold:   155        SH:  0    Dex: 14    Spells: 4/11 levels left

rFire   . . .        q - +8 hand axe of Ru's Delight {freeze, rC+ Int+4}
rCold   + . .        (no shield)
rNeg    . . .        a - +0 robe
rPois   .            c - +2 hat
rElec   .            m - scarf {repulsion}
rCorr   .            (no gloves)
SInv    .            (no boots)
Will    .....        r - amulet of magic regeneration
Stlth   ++           (no ring)
HPRegen 0.27/turn    (no ring)
MPRegen 0.52/turn

%: repel missiles
@: weakened
A: (nimble swimmer 2), mertail
a: no special abilities


You were on level 4 of the Dungeon.
You visited 1 branch of the dungeon, and saw 4 of its levels.

You collected 155 gold pieces.

Inventory:

Hand Weapons
 e - a +0 dagger
 p - a +0 spear
 q - the +8 hand axe of Ru's Delight (weapon) {freeze, rC+ Int+4}
   (You found it on level 2 of the Dungeon)

   Int+4:     It affects your intelligence (+4).
   rC+:       It protects you from cold.
 t - a +0 sling of draining
Missiles
 h - 45 stones (quivered)
Armour
 a - a +0 robe (worn)
 c - a +2 hat (worn)
 m - a scarf of repulsion (worn)
Magical Staves
 j - a staff of earth
Jewellery
 n - an amulet of the acrobat
 r - an amulet of magic regeneration (around neck)
 z - a ring of see invisible
Talismans
 y - a flux talisman
Potions
 b - a potion of magic
 d - 2 potions of curing
 f - a potion of invisibility {unknown}
 i - 2 potions of degeneration {unknown}
 k - 4 potions of heal wounds {unknown}
 l - a potion of might {unknown}
 s - a potion of berserk rage {unknown}
 w - 2 potions of attraction {unknown}
 x - a potion of resistance {unknown}
 A - a potion of ambrosia {unknown}


   Skills:
 + Level 3.0 Fighting
 - Level 1.0 Short Blades
 + Level 2.6 Polearms
 - Level 1.0 Throwing
 + Level 4.6 Dodging
 - Level 3.0 Stealth
 + Level 3.1 Spellcasting
 + Level 5.2 Ice Magic
 - Level 1.0 Evocations


You had 4 spell levels left.
You knew the following spells:

 Your Spells              Type           Power      Damage    Failure   Level
a - Freeze                Ice            96%        1d10      1%          1
b - Ozocubu's Armour      Ice            24%        N/A       4%          3
c - Frozen Ramparts       Ice            48%        1d8       4%          3

Your spell library contained the following spells:

 Spells                   Type           Power      Damage    Failure   Level
 Summon Ice Beast         Ice/Summ       13%        N/A       14%         3


Dungeon Overview and Level Annotations

Branches:
Dungeon (4/15)
 Temple: D:4-7

Altars:

Portals:
Ossuary: D:4


Innate Abilities, Weirdness & Mutations

((You are very nimble when in or above water. (Stealth+, EV+, Speed+++)))
Your lower body shifts to a powerful aquatic tail in water.


Message History

Press: ? - help, Shift-Dir - straight line, f - gnoll bouda
Aim: a gnoll bouda, wielding a +0 club and wearing a +0 leather armour You freeze the gnoll bouda.
The gnoll bouda is lightly wounded.
The gnoll hits you but does no damage.
The gnoll bouda hits you but does no damage.
The gnoll hits you with a +0 club.
The gnoll hits you from afar with a +0 halberd.
You hit the gnoll bouda. You freeze the gnoll bouda.
The gnoll bouda is heavily wounded.
You hit the gnoll. You freeze the gnoll.
The gnoll hits you from afar with a +0 spear!
* * * LOW HITPOINT WARNING * * *
The gnoll bouda hits you but does no damage.
The gnoll misses you. The gnoll hits you with a +0 club.
* * * LOW HITPOINT WARNING * * *
The gnoll closely misses you.
You closely miss the gnoll bouda.
The gnoll bouda is heavily wounded.
You barely miss the gnoll. The gnoll bouda barely misses you.
The gnoll closely misses you. The gnoll hits you with a +0 club.
* * * LOW HITPOINT WARNING * * *
The gnoll hits you but does no damage. The gnoll bouda barely misses you.
You feel better.
The gnoll hits you from afar with a +0 halberd!
* * * LOW HITPOINT WARNING * * *
The gnoll hits you but does no damage. The gnoll misses you.
The gnoll bouda barely misses you.
You feel better.
The gnoll hits you from afar with a +0 halberd.
* * * LOW HITPOINT WARNING * * *
The gnoll closely misses you. The gnoll barely misses you.
The gnoll bouda hits you with a +0 club.
* * * LOW HITPOINT WARNING * * *
Your icy armour cracks and falls away as you move.
The gnoll is no longer moving quickly.
The gnoll barely misses you.
The gnoll bouda gazes fiercely through you!
You feel your attacks grow feeble.
The gnoll bouda hits you with a +0 club!
You die...

### #... ##.####... #..
#...###..###.... #.>
##...#.....#..#. ..
#......###....#. ###
######...#..###...###
#...#...###..#.......## #
#.∩.#.>.##.#..........###
#..?#.##.#......†....
####@..#.#...........
#g.g...........#...
#gg....#.......##..
#...########.###...
#.....# ### #... .?.$#.##
##.. .....### ##. ...##
## #.# #


You could see a gnoll bouda and 3 gnolls.

Vanquished Creatures
  An ice beast (D:4)
  A phantom (D:3)
  A bombardier beetle (D:4)
  A jelly (D:4)
  An iguana (D:4)
  A gnoll (D:4)
  7 adders
  2 dart slugs
  2 orcs (D:4)
  6 endoplasms
  3 giant cockroaches
  10 goblins
  8 hobgoblins
  3 jackals (D:1)
  6 kobolds
  3 quokkas
  7 ball pythons
  4 bats
  3 frilled lizards (D:1)
  3 rats
73 creatures vanquished.

Notes
Turn   | Place    | Note
-------+----------+-------------------------------------------
     0 | D:1      | Lobster4 the Merfolk Ice Elementalist began the quest for
                  | the Orb.
     0 | D:1      | Reached XP level 1. HP: 13/13 MP: 3/3
   159 | D:1      | Reached XP level 2. HP: 11/20 MP: 0/5
   525 | D:1      | Reached skill level 1 in Fighting
   691 | D:1      | Reached skill level 1 in Short Blades
   691 | D:1      | Reached XP level 3. HP: 15/26 MP: 1/6
   974 | D:2      | Found a faded altar of an unknown god.
  1084 | D:2      | Learned a level 3 spell: Frozen Ramparts
  1215 | D:2      | Reached XP level 4. HP: 16/32 MP: 4/7
  1383 | D:2      | Reached skill level 1 in Throwing
  1562 | D:2      | Identified the +8 hand axe of Ru's Delight {freeze, rC+
                  | Int+4}
  2159 | D:3      | Learned a level 3 spell: Ozocubu's Armour
  2629 | D:4      | Reached XP level 5. HP: 30/38 MP: 8/8
  2699 | D:4      | Reached skill level 1 in Polearms
  2713 | D:4      | Noticed a black bear
  2716 | D:4      | Reached skill level 1 in Evocations
  2865 | D:4      | Noticed a phantom
  2876 | D:3      | Killed a phantom
  2877 | D:3      | Reached skill level 5 in Ice Magic
  2877 | D:3      | Reached XP level 6. HP: 34/46 MP: 8/10
  3022 | D:4      | Noticed an ice beast
  3042 | D:4      | Killed an ice beast
  3109 | D:4      | Found a sand-covered staircase.
  3125 | D:4      | Slain by a gnoll bouda

Illustrated notes

Levels and vault maps discovered:
D:1:      eino_arrival_druids_welcome, layout_basic
D:2:      layout_loops_ring, nicolae_ecumenical_pavilion, nicolae_half_adder
D:3:      layout_loops_ring
D:4:      layout_cave_pools, nicolae_ossuary_entry_false_entrances,
          grunt_ministairs_9

Skill      XL: |  1  2  3  4  5  6 |
---------------+-------------------+-----
Dodging        | 3 4 |  4.6
Fighting       | 1 2 3 |  3.0
Short Blades   | 1 |  1.0
Throwing       | 1 |  1.0
Stealth        | 3 |  3.0
Polearms       | 2 |  2.6
Evocations     | 1 |  1.0
Ice Magic      | 5 |  5.2
Spellcasting   | 3 |  3.1

Action                     |  1- 3 |  4- 6 || total
---------------------------+-------+-------++-------
  Melee: Dagger            |    32 |     6 ||    38
         Unarmed           |     2 |       ||     2
         Hand axe          |       |    75 ||    75
  Throw: Dart              |       |     3 ||     3
   Cast: Freeze            |    37 |    26 ||    63
         Ozocubu's Armour  |       |     4 ||     4
    Use: Scroll            |       |     7 ||     7
         Potion            |       |     3 ||     3
   Stab: Sleeping          |     2 |     7 ||     9
 Armour: Robe              |    28 |    67 ||    95
  Dodge: Dodged            |    30 |    60 ||    90
         Repelled          |       |     1 ||     1

Table legend: (Time is in decaauts)
 A = Elapsed time spent in this place.
 B = Non-inter-level travel time spent in this place.
 C = Inter-level travel time spent in this place.
 D = Time resting spent in this place.
 E = Time spent auto-exploring this place.
 F = Levels seen in this place.
 G = Mean time per level.
                   A        B        C        D        E       F      G
               +--------+--------+--------+--------+--------+-----+--------+
         Total |   3142 |   2972 |    170 |    394 |   1732 |   4 |  785.5 |
       Dungeon |   3142 |   2972 |    170 |    394 |   1732 |   4 |  785.5 |
               +--------+--------+--------+--------+--------+-----+--------+

Top non-repeatable levels by time:
     D:1: 969 daAuts
     D:2: 958 daAuts
     D:3: 850 daAuts
     D:4: 364 daAuts
